 Dungeon Crawl Stone Soup version 0.13.0-18-g7b03ea5 (webtiles) character file.

1608 Bloax the Ducker (level 8, -2/39 HPs)
             Began as a Spriggan Transmuter on Oct 23, 2013.
             Slain by a killer bee (9 damage)
             ... on Level 8 of the Dungeon.
             The game lasted 00:28:56 (3444 turns).

Bloax the Ducker (Spriggan Transmuter)              Turns: 3444, Time: 00:28:56

HP  -2/39        AC  2     Str  7      XL: 8   Next: 37%
MP  22/22        EV 28     Int 15      God:
Gold 253         SH  0     Dex 22      Spells:  4 memorised,  5 levels left

Res.Fire  : . . .   See Invis. : +     - Unarmed
Res.Cold  : . . .   Warding    : .   c - melded +0 robe
Life Prot.: . . .   Conserve   : .   (shield currently unavailable)
Res.Poison: x       Res.Corr.  : .   (helmet currently unavailable)
Res.Elec. : .       Clarity    : .   (cloak currently unavailable)
Sust.Abil.: . .     Spirit.Shd : .   (gloves unavailable)
Res.Mut.  : .       Stasis     : .   (boots unavailable)
Res.Rott. : .       Flight     : .   (no amulet)
Saprovore : . . .                    (no ring)
                                     (no ring)

@: spider-form (expiring), quick, somewhat resistant to hostile enchantments,
fairly stealthy
A: unfitting armour, see invisible, herbivore 3, (speed 0), sense surroundings
1, slow metabolism 2
a: End Transformation


You were on level 8 of the Dungeon.
You were not hungry.
You were in spider-form.
You visited 2 branches of the dungeon, and saw 10 of its levels.

You collected 233 gold pieces.


Innate Abilities, Weirdness & Mutations

You are tiny and cannot use many weapons and most armour.
You have supernaturally acute eyesight.
You are a herbivore.
((You cover ground extremely quickly.))*
You need consume almost no food.
You passively map a small area around you.


   Skills:
 - Level 3.2 Fighting
 + Level 6.9 Dodging
 * Level 5.8 Unarmed Combat
 + Level 4.6 Spellcasting
 - Level 6.0 Transmutations
 + Level 1.7 Evocations


You had 5 spell levels left.
You knew the following spells:

 Your Spells              Type           Power        Failure   Level  Hunger
a - Beastly Appendage     Trmt           ###...       6%          1    None
b - Spider Form           Trmt/Pois      ##........   36%         3    ###....
c - Sticks to Snakes      Trmt           ###.......   8%          2    ##.....
d - Blade Hands           Trmt           ###.......   63%         5    #####..


Dungeon Overview and Level Annotations

Branches:
Dungeon (9/27)             Temple (1/1) D:5
    Orc: D:6-11        Lair: D:8-13

Altars:
Ashenzari
Elyvilon
Fedhas
Kikubaaqudgha
Makhleb
Nemelex Xobeh
Okawaru
Sif Muna
Trog
Vehumet
Xom
Yredelemnul
Zin
the Shining One

Shops:
D:5 +

Inventory:

Missiles
 b - 29 arrows
Armour
 c - a +0 robe (melded)
Magical devices
 g - a wand of random effects (0)
   (You found it on level 2 of the Dungeon)
 n - a wand of flame (0)
   (You took it off Sigmund on level 5 of the Dungeon)
 o - a wand of confusion (1)
   (You found it on level 5 of the Dungeon)
 p - a wand of disintegration (8)
   (You found it on level 5 of the Dungeon)
 t - a wand of fire (1)
   (You found it on level 6 of the Dungeon)
Comestibles
 i - a pear
 q - a bread ration
Scrolls
 j - 2 scrolls of enchant weapon I {unknown}
 l - 3 scrolls of enchant armour {unknown}
 r - 3 scrolls of remove curse
Jewellery
 m - an uncursed ring of teleportation
   (You found it on level 4 of the Dungeon)
 u - an uncursed amulet of warding
   (You found it on level 6 of the Dungeon)
Potions
 a - a potion of porridge
 e - a potion of magic
 h - 4 potions of curing
 s - a potion of restore abilities {unknown}
 v - 2 potions of berserk rage
 w - a potion of might
 z - a potion of speed {unknown}
Books
 d - a book of Changes

   Spells                             Type                      Level
   *Beastly Appendage                 Transmutation                1
   *Sticks to Snakes                  Transmutation                2
   *Spider Form                       Transmutation/Poison         3
   Ice Form                           Ice/Transmutation            4
   *Blade Hands                       Transmutation                5
 f - the Grimoire of the Compass
   (You found it on level 8 of the Dungeon)

   Spells                             Type                      Level
   Dispersal                          Translocation                6
   Disjunction                        Translocation                8
 k - a book of Dreams
   (You found it on level 4 of the Dungeon)

   Spells                             Type                      Level
   Ensorcelled Hibernation            Hexes/Ice                    2
   Flight                             Charms/Air                   3
   Phase Shift                        Translocation                5
   Shadow Creatures                   Summoning                    5
   Mass Confusion                     Hexes                        6
   Darkness                           Hexes                        7

...........#..).....#......# ,
...........#........#.k..!.#
...........#........#......####
...........#........#..........
...........#........#..........
..........#........#...........
..................###'#### , ,
...............k..#......# *
..............sk.k'......#
...........<..k..#k.....# , ,
................#......# ,
.....###########......# ,....#
,, .......# ... ........# , , .
* , ........# , , ......... , ,
........ +


You could see 5 killer bees.


Message History

You now have 235 gold pieces (gained 19).
You open the door.
Found 18 gold pieces.
A kobold comes into view. It is wielding a runed whip.
The kobold shouts!
The kobold throws a dart.
The dart misses you.
There is an open door here.
You close the door.
Casting: Spider Form You turn into a venomous arachnid creature.
A kobold opens the door.
The kobold closely misses you. The kobold barely misses you.
There is an open door here.
You barely miss the kobold.
Your transformation is almost over.
The kobold misses you.
You bite the kobold!
You kill the kobold!
You see here a whip of reaching.
Found a blackened book.
You now have 253 gold pieces (gained 18).
Your transformation has ended.
Found a potion of curing.
f - the Grimoire of the Compass Read which item? (? for menu, Esc to quit)
Found a stone staircase leading up.
h - 4 potions of curing (gained 1)
Found a dagger and a metallic purple potion.
A giant eyeball comes into view.
The giant eyeball stares at you.
You suddenly lose the ability to move!
The giant eyeball stares at you. You resist.
You can move again.
Casting: Spider Form You turn into a venomous arachnid creature.
You hit the giant eyeball.
The giant eyeball is poisoned.
The giant eyeball is moderately wounded.
The giant eyeball stares at you. You resist.
You bite the giant eyeball!
You kill the giant eyeball!
Unknown command.
s - a metallic purple potion You open the door.
There is an open door here.
You open the door.
You fall off the door. 6 killer bees come into view.
The killer bee buzzes angrily.
Found a potion of curing.
The killer bee misses you.
There is an open door here.
Unknown command.
The killer bee buzzes angrily.
The killer bee completely misses you.
Unknown command.
Your transformation is almost over.
The killer bee misses you.
There is an open door here.
The killer bee buzzes angrily.
The killer bee stings you.
* * * LOW HITPOINT WARNING * * *
You miss the killer bee. The killer bee completely misses you.
Unknown command.
Unknown command.
You closely miss the killer bee. The killer bee stings you!
* * * LOW HITPOINT WARNING * * *
The killer bee closely misses you.
Unknown command.
The killer bee completely misses you. The killer bee completely misses you.
The killer bee stings you!
You die...

Action                   |  1- 3 |  4- 6 |  7- 9 || total
-------------------------+-------+-------+-------++-------
Melee: Unarmed           |    32 |   130 |   203 ||   365
 Cast: Beastly Appendage |     6 |     7 |     1 ||    14
       Spider Form       |       |    10 |    18 ||    28
       Sticks to Snakes  |       |       |     5 ||     5
Evoke: Wand              |     6 |     6 |    11 ||    23
  Use: Scroll            |       |     3 |    10 ||    13
       Potion            |       |     1 |     4 ||     5
 Stab: Sleeping          |     1 |     1 |     2 ||     4
       Confused          |       |     2 |     1 ||     3

Vault maps used:
D:1:      zaba_entry_water
D:2:      overflow_temple_1_default, first_bread
D:3:      minmay_misc_feat_doors, grunt_ministairs_14
D:5:      lemuel_elevator, minmay_temple_entry_nine_rooms, serial_shops,
          shop_fountains, hangedman_minor_gate_pass, uniq_sigmund, uniq_edmund
D:6:      minmay_beelzebubs_servants
D:8:      grunt_rat_hole
D:9:      serial_bayou_shore_a
Temple:   minmay_temple_curvy_14

Notes
Turn   | Place    | Note
--------------------------------------------------------------
     0 | D:1      | Bloax, the Spriggan Transmuter, began the quest for the Orb.
     0 | D:1      | Reached XP level 1. HP: 10/10 MP: 2/2
    45 | D:2      | HP: 1/10 [quokka (2)]
   197 | D:3      | Reached skill level 1 in Fighting
   220 | D:3      | HP: 2/10 [jackal (2)]
   290 | D:4      | Reached XP level 2. HP: 4/14 MP: 0/5
   348 | D:4      | Noticed a worker ant
   371 | D:4      | Noticed a water moccasin
   448 | D:4      | Noticed an ogre
   476 | D:4      | Killed an ogre
   476 | D:4      | Reached skill level 2 in Fighting
   476 | D:4      | Reached skill level 3 in Unarmed Combat
   476 | D:4      | Reached skill level 3 in Transmutations
   476 | D:4      | Reached XP level 3. HP: 10/18 MP: 8/8
   476 | D:4      | Reached XP level 4. HP: 12/23 MP: 10/10
   477 | D:4      | splat
   484 | D:4      | Learned a level 3 spell: Spider Form
   546 | D:4      | Reached skill level 4 in Dodging
   619 | D:4      | Noticed a crimson imp
   877 | D:3      | HP: 5/23 [poisoned by a kobold]
   888 | D:4      | HP: 2/23 [poisoned by a kobold]
   910 | D:4      | Killed a worker ant
   910 | D:4      | Reached XP level 5. HP: 26/26 MP: 9/13
   986 | D:5      | Entered Level 5 of the Dungeon
   986 | D:5      | Noticed a sky beast
  1056 | D:5      | Killed a sky beast
  1056 | D:5      | Reached skill level 4 in Transmutations
  1082 | D:5      | Reached XP level 6. HP: 31/31 MP: 12/16
  1130 | D:5      | Noticed Edmund
  1165 | D:5      | Killed Edmund
  1165 | D:5      | Reached skill level 3 in Fighting
  1165 | D:5      | Reached skill level 5 in Dodging
  1165 | D:5      | Reached skill level 4 in Unarmed Combat
  1295 | D:5      | Learned a level 2 spell: Sticks to Snakes
  1388 | D:5      | Reached XP level 7. HP: 16/35 MP: 15/18
  1408 | D:5      | Noticed a phantom
  1530 | D:5      | Reached skill level 3 in Spellcasting
  1749 | D:5      | Noticed Sigmund
  1777 | D:5      | Found a staircase to the Ecumenical Temple.
  1794 | D:5      | Killed Sigmund
  1800 | Temple   | Entered the Ecumenical Temple
  2037 | D:5      | Found Mystrimuy's Book Boutique.
  2127 | D:6      | Noticed an orange demon
  2128 | D:6      | Noticed an orange demon
  2220 | D:6      | Reached skill level 5 in Transmutations
  2473 | D:6      | HP: 6/35 [giant frog (6)]
  2477 | D:6      | Reached skill level 5 in Unarmed Combat
  2511 | D:6      | christ this floor
  2683 | D:7      | Reached skill level 6 in Dodging
  2694 | D:7      | HP: 7/35 [hippogriff (6)]
  2701 | D:7      | HP: 2/35 [hippogriff (5)]
  2758 | D:7      | Reached skill level 4 in Spellcasting
  2758 | D:7      | Reached XP level 8. HP: 7/39 MP: 19/21
  2811 | D:7      | HP: 1/39 [orc priest/divine providence (11)]
  2820 | D:8      | aaaaaaaa
  2825 | D:8      | HP: 1/39 [orc wizard/magic dart (9)]
  3055 | D:8      | Reached skill level 6 in Transmutations
  3072 | D:8      | Learned a level 5 spell: Blade Hands
  3221 | D:9      | the rat bites you x4
  3221 | D:9      | 22 ev
  3221 | D:9      | nice
  3244 | D:9      | Reached skill level 1 in Evocations
  3281 | D:9      | Gained mutation: You passively map a small area around you. [potion of beneficial mutation]
  3296 | D:9      | HP: 4/39 [orc warrior/orcish hand axe (15)]
  3400 | D:8      | Identified the Grimoire of the Compass
  3411 | D:8      | Paralysed by a giant eyeball for 4 turns
  3441 | D:8      | HP: 7/39 [killer bee (8)]
  3444 | D:8      | Slain by a killer bee

Vanquished Creatures
  2 hippogriffs
  Edmund (D:5)
  An ice beast (D:8)
  A sky beast (D:5)
  An ogre (D:4)
  Sigmund (D:5)
  2 giant frogs (D:6)
  A killer bee (D:8)
  4 crimson imps
  A hound (D:5)
  2 iguanas
  2 worker ants
  A giant frog skeleton (D:5)
  2 orc wizards
  4 adders
  2 worms (D:5)
  3 giant eyeballs
  6 orcs
  A ball python (D:5)
  2 giant cockroaches
  7 hobgoblins
  5 jackals (D:3)
  2 quokkas
  4 bats
  3 giant newts
  6 goblins
  A hobgoblin skeleton (D:5)
  5 kobolds
  A kobold skeleton (D:5)
  10 rats
84 creatures vanquished.
